 Dungeon Crawl Stone Soup version 0.13.0-9-gbc74161 (webtiles) character file.

404 Malachi the Ruffian (level 5, 0/42 HPs)
             Began as a Troll Wizard on Oct 17, 2013.
             Slain by a phantom (5 damage)
             ... on Level 4 of the Dungeon.
             The game lasted 00:03:24 (2031 turns).

Malachi the Ruffian (Troll Wizard)                  Turns: 2031, Time: 00:03:24

HP   0/42        AC  5     Str 15      XL: 5   Next: 45%
MP   8/8         EV  9     Int 15      God:
Gold 208         SH  0     Dex  8      Spells:  1 memorised,  7 levels left

Res.Fire  : . . .   See Invis. : .     - Unarmed
Res.Cold  : . . .   Warding    : .   a - +0 robe
Life Prot.: . . .   Conserve   : .   (shield restricted)
Res.Poison: .       Res.Corr.  : .   b - +0 wizard hat
Res.Elec. : .       Clarity    : .   (no cloak)
Sust.Abil.: . .     Spirit.Shd : .   (gloves unavailable)
Res.Mut.  : .       Stasis     : .   (boots unavailable)
Res.Rott. : .       Flight     : .   (no amulet)
Gourmand  : +                        (no ring)
                                     (no ring)

@: very slightly contaminated, slightly resistant to hostile enchantments,
unstealthy
A: unfitting armour, claws 3, fast metabolism 3, gourmand, regeneration 2,
saprovore 2, tough skin 2, AC +1
a: no special abilities


You were on level 4 of the Dungeon.
You were very full.

You visited 1 branch of the dungeon, and saw 4 of its levels.

You collected 188 gold pieces.

Inventory:

Armour
 a - a +0 robe (worn)
 b - a +0 wizard hat (worn)
Comestibles
 d - 3 meat rations
 f - a cheese
 n - 2 bread rations
Scrolls
 e - 2 scrolls of curse weapon {unknown}
 g - a scroll of blinking
 i - 3 scrolls of teleportation {unknown}
 j - 7 scrolls of remove curse {unknown}
 k - a scroll of enchant armour {unknown}
 m - a scroll of identify {unknown}
 p - a scroll of random uselessness {unknown}
 q - a scroll of enchant weapon I {unknown}
 r - a scroll of enchant weapon II {unknown}
 t - a scroll of fear {unknown}
Potions
 h - 2 potions of heal wounds {unknown}
 l - 2 potions of poison {unknown}
 o - 2 potions of curing {unknown}
 s - a potion of restore abilities {unknown}
Books
 c - a book of Minor Magic

   Spells                             Type                      Level
   *Magic Dart                        Conjuration                  1
   Blink                              Translocation                2
   Call Imp                           Summoning                    2
   Repel Missiles                     Charms/Air                   2
   Slow                               Hexes                        2
   Conjure Flame                      Conjuration/Fire             3
   Mephitic Cloud                     Conjuration/Poison/Air       3


   Skills:
 - Level 1.5 Dodging
 - Level 1.1 Stealth
 * Level 5.3 Unarmed Combat
 - Level 2.0 Spellcasting
 - Level 0.6 Conjurations
   Level 0.6 Summonings
   Level 0.6 Translocations


You had 7 spell levels left.
You knew the following spells:

 Your Spells              Type           Power        Failure   Level  Hunger
a - Magic Dart            Conj           #...         17%         1    #......


Dungeon Overview and Level Annotations

Branches:
Dungeon (4/27)
 Temple: D:4-7

Altars:
Okawaru
Yredelemnul
the Shining One


Innate Abilities, Weirdness & Mutations

You are too large for most types of armour.
You have claws for hands.
Your metabolism is lightning-fast.
You like to eat raw meat.
You heal very quickly.
You can eat rotten meat.
You are covered in fur (AC +1).
You have very tough skin (AC +2).


Message History

The phantom blinks!
The orc wizard hits you with an orcish dagger.
You hit the orc wizard but do no damage.
The orc wizard is severely wounded.
The orc hits you with an orcish mace!
The orc wizard hits you with an orcish dagger.
* * * LOW HITPOINT WARNING * * *
A jackal comes into view.
You barely miss the orc wizard.
The orc wizard is severely wounded.
The orc wizard hits you but does no damage.
The orc wizard glows brightly for a moment.
The orc hits you with an orcish mace.
* * * LOW HITPOINT WARNING * * *
The phantom blinks!
You are too injured to fight recklessly!
You claw the orc wizard!
You kill the orc wizard!
The phantom hits you.
You die...

........# ###....#
........#####......##
............#.......#
............#...#...#
........[......#o...#
...........#...#...####..
.....o......o.#§........
.....o......##).(......
.............#@p.......
............o.........
.....................
..............§......
....................
..............h...
#...............
##.......... ##.......


You could see a phantom, an orc wizard, an orc and a jackal.

Vanquished Creatures
  The ghost of jazmu the Cudgeler, an average MiHu of Trog (D:3)
  An orc wizard (D:4)
  An adder (D:2)
  A giant mite (D:1)
  An ooze (D:2)
  A ball python (D:3)
  3 giant cockroaches (D:2)
  9 hobgoblins
  5 jackals (D:2)
  2 quokkas
  4 training dummies (D:3)
  5 bats
  5 giant geckos
  6 giant newts
  9 goblins
  7 kobolds
  5 rats
66 creatures vanquished.

Notes
Turn   | Place    | Note
--------------------------------------------------------------
     0 | D:1      | Malachi, the Troll Wizard, began the quest for the Orb.
     0 | D:1      | Reached XP level 1. HP: 14/14 MP: 5/5
    54 | D:1      | Reached skill level 1 in Unarmed Combat
    54 | D:1      | Reached XP level 2. HP: 20/22 MP: 6/6
   974 | D:2      | Reached XP level 3. HP: 26/28 MP: 7/7
   982 | D:2      | Reached skill level 3 in Unarmed Combat
  1481 | D:3      | Reached XP level 4. HP: 36/36 MP: 8/8
  1616 | D:3      | Found a basalt altar of Yredelemnul.
  1617 | D:3      | Noticed a profane servitor
  1623 | D:3      | Found a glowing golden altar of the Shining One.
  1624 | D:3      | Noticed an angel
  1693 | D:3      | Noticed jazmu's ghost (average MiHu)
  1706 | D:3      | Killed jazmu's ghost
  1706 | D:3      | Reached skill level 4 in Unarmed Combat
  1706 | D:3      | Reached XP level 5. HP: 38/42 MP: 8/8
  1711 | D:3      | Found an iron altar of Okawaru.
  1720 | D:3      | Reached skill level 5 in Unarmed Combat
  2005 | D:4      | Noticed a phantom
  2031 | D:4      | Slain by a phantom

Action                   |  1- 3 |  4- 6 || total
-------------------------+-------+-------++-------
Melee: Unarmed           |   106 |    60 ||   166
  Use: Scroll            |       |     2 ||     2
 Stab: Sleeping          |     2 |       ||     2
